[Event "71st RUS-ch Higher League 2018"]
[Site "Yaroslavl"]
[Date "2018.06.26"]
[Round "1"]
[White "Dreev, Aleksey"]
[Black "Lomasov, Semen"]
[Result "1/2-1/2"]
[ECO "E16"]
[WhiteElo "2657"]
[BlackElo "2549"]
[Annotator "ChessBase"]
[PlyCount "80"]
[EventDate "2018.06.26"]
[EventType "swiss"]
[EventCountry "RUS"]
[SourceTitle "playchess.com"]
[Source "ChessBase"]
[SourceQuality "1"]
[TimeControl "40/5400+30:1800+30"]

1. d4 Nf6 2. Nf3 e6 3. c4 Bb4+ 4. Bd2 Qe7 5. g3 Bxd2+ 6. Qxd2 Nc6 7. Nc3 d5 8. Ne5 dxc4 9. Nxc6 bxc6 10. Bg2 O-O 11. Bxc6 Rb8 12. O-O Rd8 13. Rfd1 Qd6 14. Bg2 c5 15. d5 exd5 16. Nxd5 Nxd5 17. Qxd5 Qxd5 18. Bxd5 Be6 19. Bxe6 fxe6 20. Rxd8+ Rxd8 21. Rc1 Rd2 22. Rxc4 Rxb2 23. a4 Rb4 24. Rxc5 Rxa4 25. Rc7 Ra2 26. Kf1 Kf8 27. f4 h5 28. Kf2 Ra3 29. Rb7 a5 30. Ra7 h4 31. gxh4 Rh3 32. Kg2 Re3 33. Kf2 Rh3 34. e4 Rxh2+ 35. Kg3 Ra2 36. Kf3 Rh2 37. Rxa5 Rxh4 38. Ke3 Kf7 39. Ra7+ Kf8 40. Rb7 Rg4 1/2-1/2

[Event "71st RUS-ch Higher League 2018"]
[Site "Yaroslavl"]
[Date "2018.06.26"]
[Round "1"]
[White "Paravyan, David"]
[Black "Sychev, Klementy"]
[Result "1-0"]
[ECO "A10"]
[WhiteElo "2634"]
[BlackElo "2527"]
[Annotator "ChessBase"]
[PlyCount "67"]
[EventDate "2018.06.26"]
[EventType "swiss"]
[EventCountry "RUS"]
[SourceTitle "playchess.com"]
[Source "ChessBase"]
[SourceQuality "1"]
[TimeControl "40/5400+30:1800+30"]

1. c4 g6 2. e4 e5 3. d4 Nf6 4. f3 exd4 5. Qxd4 Nc6 6. Qf2 Bg7 7. Nc3 d6 8. Be3 Be6 9. Qd2 O-O 10. Rd1 Nd7 11. h4 h5 12. Bg5 f6 13. Bh6 f5 14. Bxg7 Kxg7 15. Nge2 Bxc4 16. Nf4 Bg8 17. exf5 Rxf5 18. Bd3 Re5+ 19. Kf2 Bf7 20. Rh3 Nc5 21. Bxg6 Bxg6 22. Nxg6 Kxg6 23. Rg3+ Kh7 24. Qc2+ Kh8 25. Qg6 Re7 26. Qf6+ Kh7 27. Qg6+ Kh8 28. Nd5 Nd7 29. Nf6 Nxf6 30. Qxf6+ Kh7 31. Qg6+ Kh8 32. Rd5 Ne5 33. Rxe5 dxe5 34. Qxh5+ 1-0

[Event "71st RUS-ch Higher League 2018"]
[Site "Yaroslavl"]
[Date "2018.06.26"]
[Round "1"]
[White "Rakhmanov, Aleksandr"]
[Black "Usmanov, Vasily"]
[Result "1-0"]
[ECO "A05"]
[WhiteElo "2627"]
[BlackElo "2477"]
[Annotator "ChessBase"]
[PlyCount "79"]
[EventDate "2018.06.26"]
[EventType "swiss"]
[EventCountry "RUS"]
[SourceTitle "playchess.com"]
[Source "ChessBase"]
[SourceQuality "1"]
[TimeControl "40/5400+30:1800+30"]

1. Nf3 Nf6 2. g3 d5 3. Bg2 c6 4. d4 Bf5 5. c4 e6 6. Nc3 h6 7. Qb3 Qb6 8. c5 Qc7 9. Bf4 Qc8 10. Nd2 Be7 11. e4 Bh7 12. O-O O-O 13. Rfe1 Rd8 14. Rad1 Nbd7 15. exd5 Nxd5 16. Nxd5 cxd5 17. Rc1 Bf6 18. Qc3 a5 19. Nf1 Qc6 20. Ne3 Qa4 21. Red1 Rdc8 22. Ng4 Be7 23. h4 h5 24. Ne5 Nxe5 25. Bxe5 b6 26. b3 Qe8 27. Qe3 bxc5 28. dxc5 Rc6 29. a3 Qc8 30. b4 axb4 31. axb4 Qb7 32. Bc3 Ra3 33. Qd2 Bf5 34. Bxg7 Rd3 35. Qh6 Rxd1+ 36. Rxd1 Bh7 37. Be5 f6 38. Bxf6 Bf8 39. Qg5+ Kf7 40. Bc3 1-0

[Event "71st RUS-ch Higher League 2018"]
[Site "Yaroslavl"]
[Date "2018.06.26"]
[Round "1"]
[White "Alekseenko, Kirill"]
[Black "Iskusnyh, Sergei"]
[Result "1/2-1/2"]
[ECO "C11"]
[WhiteElo "2621"]
[BlackElo "2473"]
[Annotator "ChessBase"]
[PlyCount "176"]
[EventDate "2018.06.26"]
[EventType "swiss"]
[EventCountry "RUS"]
[SourceTitle "playchess.com"]
[Source "ChessBase"]
[SourceQuality "1"]
[TimeControl "40/5400+30:1800+30"]

1. e4 e6 2. d4 d5 3. Nc3 Nf6 4. e5 Nfd7 5. f4 c5 6. Nf3 Nc6 7. Be3 Rb8 8. Qd2 Qa5 9. Bb5 a6 10. Be2 b5 11. O-O b4 12. Nd1 cxd4 13. Nxd4 Nxd4 14. Bxd4 Bc5 15. Ne3 O-O 16. Rfd1 Qb6 17. c4 bxc3 18. bxc3 a5 19. Qd3 Qc7 20. Rab1 Ra8 21. Bxc5 Qxc5 22. Qd4 Ba6 23. Bxa6 Rxa6 24. c4 dxc4 25. Nxc4 Rc6 26. Qxc5 Rxc5 27. Nd6 Rc6 28. Nb7 Rc7 29. Nxa5 Ra8 30. Rb7 Rxb7 31. Nxb7 Nf8 32. Rd2 g5 33. fxg5 Ra3 34. Nc5 Ng6 35. Nd7 Kg7 36. g3 Ra5 37. Re2 Ne7 38. Kg2 Ra3 39. Rb2 Nc6 40. h4 h6 41. gxh6+ Kxh6 42. Kh3 Rd3 43. Rb7 Ra3 44. Rb2 Rd3 45. Rb7 Ra3 46. Rb6 Ne7 47. Nf6 Ng6 48. Ng4+ Kg7 49. h5 Ne7 50. Nf6 Rxa2 51. Rb7 Nc6 52. Ne8+ Kh6 53. Rxf7 Nxe5 54. Rb7 Kxh5 55. Rb5 Re2 56. Ng7+ Kg6 57. Nxe6 Kf6 58. Nd4 Ra2 59. Rb6+ Kf7 60. Nf5 Ra4 61. Nh6+ Kg7 62. g4 Nxg4 63. Nxg4 Kf7 64. Kg3 Ke7 65. Kf3 Kd7 66. Ne5+ Ke7 67. Rh6 Ra1 68. Nc6+ Kd7 69. Ke4 Re1+ 70. Kd5 Rd1+ 71. Nd4 Ke7 72. Rh3 Kf7 73. Rf3+ Kg6 74. Rf2 Ra1 75. Nc6 Kg5 76. Rf8 Ra2 77. Rf1 Kg4 78. Kd4 Kg5 79. Ne7 Kg4 80. Ke3 Ra3+ 81. Ke4 Ra4+ 82. Ke5 Ra5+ 83. Nd5 Kg3 84. Rf8 Kg4 85. Rf4+ Kg3 86. Rd4 Kf3 87. Kf5 Rc5 88. Rf4+ Kg3 1/2-1/2

[Event "71st RUS-ch Higher League 2018"]
[Site "Yaroslavl"]
[Date "2018.06.26"]
[Round "1"]
[White "Predke, Alexandr"]
[Black "Fakhrutdinov, Timur"]
[Result "0-1"]
[ECO "C65"]
[WhiteElo "2613"]
[BlackElo "2460"]
[Annotator "ChessBase"]
[PlyCount "86"]
[EventDate "2018.06.26"]
[EventType "swiss"]
[EventCountry "RUS"]
[SourceTitle "playchess.com"]
[Source "ChessBase"]
[SourceQuality "1"]
[TimeControl "40/5400+30:1800+30"]

1. e4 e5 2. Nf3 Nc6 3. Bb5 Nf6 4. d3 Bc5 5. Bxc6 dxc6 6. Nbd2 O-O 7. h3 Nd7 8. Nf1 Re8 9. g4 Nf8 10. Ng3 a5 11. Be3 Bd6 12. Nf5 Ne6 13. Qd2 c5 14. Rg1 b5 15. h4 Nd4 16. Qd1 Bf8 17. h5 a4 18. N3xd4 exd4 19. Bf4 c4 20. Qf3 Be6 21. h6 g6 22. Ng7 Bxg7 23. hxg7 Qf6 24. Qg3 g5 25. Be5 Qg6 26. f4 gxf4 27. Qxf4 cxd3 28. cxd3 c5 29. Kf2 f6 30. Bxf6 c4 31. g5 cxd3 32. Rh1 Bc4 33. e5 Bd5 34. Rh6 Qe4 35. Qxe4 Bxe4 36. Rh4 Bg6 37. Rxd4 Rac8 38. Rb4 Rc2+ 39. Ke3 Re2+ 40. Kf4 d2 41. Rd1 Bc2 42. Rxd2 Rxd2 43. Rxb5 Bb1 0-1

[Event "71st RUS-ch Higher League 2018"]
[Site "Yaroslavl"]
[Date "2018.06.26"]
[Round "1"]
[White "Popov, Ivan"]
[Black "Gaifullin, Artur"]
[Result "1-0"]
[ECO "B15"]
[WhiteElo "2608"]
[BlackElo "2448"]
[Annotator "ChessBase"]
[PlyCount "65"]
[EventDate "2018.06.26"]
[EventType "swiss"]
[EventCountry "RUS"]
[SourceTitle "playchess.com"]
[Source "ChessBase"]
[SourceQuality "1"]
[TimeControl "40/5400+30:1800+30"]

1. e4 c6 2. d4 d5 3. Nd2 dxe4 4. Nxe4 Nf6 5. Nxf6+ exf6 6. c3 Bd6 7. Bd3 O-O 8. Qc2 Re8+ 9. Ne2 h5 10. O-O h4 11. h3 Nd7 12. Be3 Nf8 13. Qd2 Ng6 14. Rfe1 Bc7 15. Nf4 Nf8 16. c4 Ne6 17. d5 Ng5 18. Rad1 Bd7 19. Bb1 Ne4 20. Bxe4 Rxe4 21. d6 Bb6 22. Bxb6 Rxe1+ 23. Rxe1 axb6 24. b4 Bf5 25. Re7 Bb1 26. c5 bxc5 27. bxc5 Bxa2 28. Rxb7 Bc4 29. Qd4 Ba2 30. Rc7 Bb1 31. Rxc6 Bf5 32. Nd5 Bh7 33. d7 1-0

[Event "71st RUS-ch Higher League 2018"]
[Site "Yaroslavl"]
[Date "2018.06.26"]
[Round "1"]
[White "Ovetchkin, Roman"]
[Black "Gordievsky, Dmitry"]
[Result "1/2-1/2"]
[ECO "B42"]
[WhiteElo "2546"]
[BlackElo "2641"]
[Annotator "ChessBase"]
[PlyCount "126"]
[EventDate "2018.06.26"]
[EventType "swiss"]
[EventCountry "RUS"]
[SourceTitle "playchess.com"]
[Source "ChessBase"]
[SourceQuality "1"]
[TimeControl "40/5400+30:1800+30"]

1. e4 c5 2. Nf3 e6 3. d4 cxd4 4. Nxd4 a6 5. Bd3 Ne7 6. O-O Nec6 7. Nb3 Be7 8. Nc3 d6 9. Be3 Nd7 10. f4 b5 11. Kh1 Bb7 12. a3 O-O 13. Qh5 Re8 14. Rad1 b4 15. Na4 bxa3 16. bxa3 Qc7 17. Rf3 g6 18. Qh6 Bf8 19. Qh4 Bg7 20. Qf2 Rab8 21. Nb6 Nf6 22. Qh4 Ne7 23. Nd2 h5 24. Rff1 d5 25. e5 Ng4 26. Bg1 Bc6 27. Rb1 Bb5 28. c4 dxc4 29. Nbxc4 Red8 30. Qg3 Nd5 31. Rbc1 Rbc8 32. Ne4 Nde3 33. Nxe3 Qxc1 34. Rxc1 Rxc1 35. Bxb5 axb5 36. Nxg4 hxg4 37. Nc3 Bf8 38. Qe3 Bxa3 39. f5 exf5 40. e6 Re8 41. exf7+ Kxf7 42. Qa7+ Be7 43. Nxb5 Rd8 44. Nd4 Re1 45. Qa2+ Kg7 46. Qf2 Re4 47. Nc2 Rd1 48. g3 Bg5 49. Qa7+ Re7 50. Qa4 Re4 51. Qb3 Kh6 52. Qc3 Kh5 53. h3 Re2 54. hxg4+ Kxg4 55. Qc4+ Re4 56. Qb3 Rd2 57. Ne3+ Bxe3 58. Bxe3 Re2 59. Bb6 Kh3 60. Bg1 Kg4 61. Qc3 g5 62. Bc5 Kh3 63. Bg1 Kg4 1/2-1/2

[Event "71st RUS-ch Higher League 2018"]
[Site "Yaroslavl"]
[Date "2018.06.26"]
[Round "1"]
[White "Lobanov, Sergei"]
[Black "Zvjaginsev, Vadim"]
[Result "1/2-1/2"]
[ECO "B33"]
[WhiteElo "2521"]
[BlackElo "2633"]
[Annotator "ChessBase"]
[PlyCount "80"]
[EventDate "2018.06.26"]
[EventType "swiss"]
[EventCountry "RUS"]
[SourceTitle "playchess.com"]
[Source "ChessBase"]
[SourceQuality "1"]
[TimeControl "40/5400+30:1800+30"]

1. e4 c5 2. Nf3 Nc6 3. d4 cxd4 4. Nxd4 Nf6 5. Nc3 g6 6. Nxc6 dxc6 7. Qxd8+ Kxd8 8. Bc4 Bg7 9. a4 Rf8 10. a5 Ne8 11. f3 Nd6 12. Bb3 Nb5 13. Nxb5 cxb5 14. c3 Be6 15. Bxe6 fxe6 16. Be3 Kc7 17. Ke2 Kc6 18. h4 h5 19. g4 b6 20. gxh5 gxh5 21. axb6 axb6 22. Rxa8 Rxa8 23. Rg1 Bf6 24. f4 e5 25. fxe5 Bxe5 26. Rg6+ Kd7 27. Rxb6 Ra2 28. Rxb5 Bxc3 29. Kf3 Rxb2 30. Rxh5 Ke6 31. Rc5 Rb3 32. Rc6+ Kf7 33. Kg4 Be5 34. Bg5 Rb4 35. Kf5 Bd6 36. Bf4 e6+ 37. Kg4 Rxe4 38. Rxd6 e5 39. Kf5 Rxf4+ 40. Kxe5 Rxh4 {[%emt 0:00:06] Ke4} 1/2-1/2

[Event "71st RUS-ch Higher League 2018"]
[Site "Yaroslavl"]
[Date "2018.06.26"]
[Round "1"]
[White "Sviridov, Valery"]
[Black "Romanov, Evgeny"]
[Result "1/2-1/2"]
[ECO "A06"]
[WhiteElo "2514"]
[BlackElo "2628"]
[Annotator "RC"]
[PlyCount "80"]
[EventDate "2018.06.26"]
[EventType "swiss"]
[EventCountry "RUS"]
[SourceTitle "playchess.com"]
[Source "ChessBase"]
[SourceQuality "1"]
[TimeControl "40/5400+30:1800+30"]

1. Nf3 d5 2. g3 g6 3. Bg2 Bg7 4. O-O e5 5. d3 Ne7 6. e4 O-O 7. exd5 Nxd5 8. Nc3 Nxc3 9. bxc3 Nc6 10. Rb1 Rb8 11. Re1 h6 12. Nd2 Be6 13. Ba3 Re8 14. Rxb7 Rxb7 15. Bxc6 Rb6 16. Bxe8 Qxe8 17. c4 Qa4 18. Qc1 Bh3 19. f3 Ra6 20. Bc5 Qc6 21. Bf2 Rxa2 22. Ne4 f5 23. Qb1 Ra6 24. Nd2 h5 25. Qb5 Qxb5 26. cxb5 Ra2 27. Nc4 e4 28. fxe4 fxe4 29. Rxe4 Rxc2 30. Re8+ Kf7 31. Re1 Rc3 32. Bxa7 Rxd3 33. Ne5+ Bxe5 34. Rxe5 Rf3 35. Re1 Rb3 36. Rc1 Rxb5 37. Rxc7+ Ke6 38. Rc6+ Kf5 39. Rc5+ Rxc5 40. Bxc5 Ke4 1/2-1/2

[Event "71st RUS-ch Higher League 2018"]
[Site "Yaroslavl"]
[Date "2018.06.26"]
[Round "1"]
[White "Goryachkina, Aleksandra"]
[Black "Alekseev, Evgeny"]
[Result "1-0"]
[ECO "A63"]
[WhiteElo "2505"]
[BlackElo "2627"]
[Annotator "ChessBase"]
[PlyCount "117"]
[EventDate "2018.06.26"]
[EventType "swiss"]
[EventCountry "RUS"]
[SourceTitle "playchess.com"]
[Source "ChessBase"]
[SourceQuality "1"]
[TimeControl "40/5400+30:1800+30"]

1. d4 Nf6 2. c4 e6 3. g3 c5 4. d5 exd5 5. cxd5 d6 6. Nc3 g6 7. Nf3 Bg7 8. Bg2 O-O 9. O-O Nbd7 10. Bf4 Qe7 11. a4 Ng4 12. Bg5 f6 13. Bd2 Nde5 14. h3 Nxf3+ 15. exf3 Ne5 16. Re1 Qd8 17. Bf1 g5 18. f4 Ng6 19. Ne2 Bd7 20. Qc2 Qc8 21. Kh2 Bh6 22. Ra3 Rf7 23. Bg2 gxf4 24. Nxf4 Bxf4 25. Bxf4 Nxf4 26. gxf4 Qf8 27. Be4 Re8 28. Rg1+ Kh8 29. Bf5 Qh6 30. Rg4 Qh5 31. Be6 Bxe6 32. dxe6 Rxe6 33. Rag3 Re8 34. Qe2 Rg7 35. Qxe8+ Qxe8 36. Rxg7 h5 37. R7g6 Qf8 38. Re3 Kh7 39. f5 d5 40. Re6 Qb8+ 41. Kg1 Qf4 42. Rexf6 Qc1+ 43. Kg2 Qf4 44. Rf7+ Kh8 45. Re6 Kg8 46. Rxb7 Kf8 47. f6 Qg5+ 48. Kf1 Qg6 49. Rxa7 Qd3+ 50. Kg2 Qg6+ 51. Kh2 Qc2 52. Kg3 d4 53. Ree7 Qg6+ 54. Kh2 Qxf6 55. Rf7+ Qxf7 56. Rxf7+ Kxf7 57. Kg2 Ke6 58. b3 Kd5 59. Kf3 1-0

[Event "71st RUS-ch Higher League 2018"]
[Site "Yaroslavl"]
[Date "2018.06.26"]
[Round "1"]
[White "Sek, Konstantin"]
[Black "Ponkratov, Pavel"]
[Result "0-1"]
[ECO "B90"]
[WhiteElo "2476"]
[BlackElo "2622"]
[Annotator "ChessBase"]
[PlyCount "74"]
[EventDate "2018.06.26"]
[EventType "swiss"]
[EventCountry "RUS"]
[SourceTitle "playchess.com"]
[Source "ChessBase"]
[SourceQuality "1"]
[TimeControl "40/5400+30:1800+30"]

1. e4 c5 2. Nf3 d6 3. d4 cxd4 4. Nxd4 Nf6 5. Nc3 a6 6. Nb3 Nbd7 7. g4 h6 8. Bg2 g5 9. f4 gxf4 10. Bxf4 e5 11. Bg3 Rg8 12. Qf3 Nxg4 13. Bh3 Nb6 14. O-O-O Be6 15. Kb1 Qc7 16. Rhg1 h5 17. Nd5 Nxd5 18. exd5 Bd7 19. Bg2 f5 20. h3 Nf6 21. Bh4 Be7 22. Bxf6 Bxf6 23. Qxh5+ Ke7 24. Qe2 Rac8 25. Bf3 Qb6 26. Rxg8 Rxg8 27. Nd4 Kd8 28. Nb3 a5 29. Qd2 a4 30. Na5 e4 31. Nc4 Qc5 32. Be2 Rg1 33. Qh6 Bg7 34. Qc1 Rxd1 35. Qxd1 b5 36. Nd2 Qb4 37. Qc1 Bxb2 0-1

[Event "71st RUS-ch Higher League 2018"]
[Site "Yaroslavl"]
[Date "2018.06.26"]
[Round "1"]
[White "Yanchenko, Roman"]
[Black "Antipov, Mikhail Al"]
[Result "1/2-1/2"]
[ECO "D12"]
[WhiteElo "2462"]
[BlackElo "2616"]
[Annotator "ChessBase"]
[PlyCount "182"]
[EventDate "2018.06.26"]
[EventType "swiss"]
[EventCountry "RUS"]
[SourceTitle "playchess.com"]
[Source "ChessBase"]
[SourceQuality "1"]
[TimeControl "40/5400+30:1800+30"]

1. d4 Nf6 2. c4 c6 3. Nf3 d5 4. e3 Bf5 5. Nc3 a6 6. Qb3 Ra7 7. Nh4 Be6 8. Bd3 dxc4 9. Bxc4 Bxc4 10. Qxc4 b5 11. Qe2 e6 12. O-O c5 13. dxc5 Bxc5 14. e4 Nc6 15. Nf3 Nd4 16. Nxd4 Bxd4 17. Be3 Rd7 18. Bxd4 Rxd4 19. e5 Nd5 20. Rad1 Nxc3 21. bxc3 Rxd1 22. Rxd1 Qa5 23. Rd3 O-O 24. h4 h6 25. Rg3 b4 26. cxb4 Qxb4 27. Rg4 Qa5 28. Kh2 Rc8 29. Qe3 Rc3 30. Qf4 h5 31. Rg5 g6 32. Qf6 Qd5 33. Rg3 Rxg3 34. Kxg3 a5 35. f4 a4 36. Qe7 Qd3+ 37. Kh2 Qd4 38. Qg5 a3 39. Qg3 Qb2 40. Qd3 Kg7 41. Qd8 Qc1 42. Qf6+ Kg8 43. Qd8+ Kh7 44. Qf6 Qc7 45. Qg5 Kg7 46. Qf6+ Kg8 47. Qg5 Kg7 48. Qf6+ Kh7 49. Qg5 Kg8 50. Qg3 Qc1 51. Qf2 Qb2 52. Kg3 Kg7 53. Kf3 Qb7+ 54. Ke3 Qb6+ 55. Ke2 Qb5+ 56. Ke3 Qc5+ 57. Kf3 Qc6+ 58. Ke3 Qc3+ 59. Ke4 Kg8 60. Qe2 Kh7 61. Qf2 Kg7 62. g3 Kg8 63. Qd4 Qxg3 64. Qd8+ Kg7 65. Qf6+ Kg8 66. Qd8+ Kh7 67. Qe7 Qg2+ 68. Ke3 Qh3+ 69. Kd4 Qf5 70. Qf6 Kg8 71. Kc5 Qc2+ 72. Kd6 Qd2+ 73. Ke7 Qb4+ 74. Ke8 Qb5+ 75. Ke7 Qb7+ 76. Ke8 Qc6+ 77. Ke7 Qc5+ 78. Ke8 Qa7 79. Kd8 Qa8+ 80. Ke7 Qf8+ 81. Kd7 Kh7 82. Qg5 Kg7 83. Qf6+ Kg8 84. Qg5 Qa8 85. Qf6 Qd5+ 86. Ke7 Qb7+ 87. Kd8 Qa7 88. Ke8 Qc7 89. Qg5 Qc6+ 90. Ke7 Qb7+ 91. Ke8 Qb5+ 1/2-1/2

[Event "71st RUS-ch Higher League 2018"]
[Site "Yaroslavl"]
[Date "2018.06.26"]
[Round "1"]
[White "Girya, Olga"]
[Black "Kobalia, Mikhail"]
[Result "0-1"]
[ECO "E70"]
[WhiteElo "2457"]
[BlackElo "2608"]
[Annotator "ChessBase"]
[PlyCount "82"]
[EventDate "2018.06.26"]
[EventType "swiss"]
[EventCountry "RUS"]
[SourceTitle "playchess.com"]
[Source "ChessBase"]
[SourceQuality "1"]
[TimeControl "40/5400+30:1800+30"]

1. d4 Nf6 2. c4 g6 3. Nc3 Bg7 4. e4 O-O 5. Be3 d6 6. f3 c6 7. Nge2 a6 8. Ng3 b5 9. Qd2 h5 10. O-O-O h4 11. Nge2 bxc4 12. g3 Nbd7 13. gxh4 e5 14. d5 cxd5 15. Nxd5 Bb7 16. Nxf6+ Qxf6 17. Nc3 Qxf3 18. Be2 Qh3 19. h5 Nf6 20. hxg6 Nxe4 21. Nxe4 Bxe4 22. gxf7+ Rxf7 23. Rhg1 c3 24. bxc3 Rb8 25. Bd3 Bxd3 26. Qxd3 Rfb7 27. Rde1 Kh8 28. Qg6 Qh7 29. Qxh7+ Kxh7 30. Kc2 Rb2+ 31. Kd3 d5 32. Rxg7+ Kxg7 33. h4 Rxa2 34. h5 Ra4 35. Bc5 Rc8 36. Bd6 e4+ 37. Kc2 Kf6 38. Kb3 Rac4 39. Bb4 Rb8 40. Ra1 Rc6 41. Rg1 Kf5 0-1

[Event "71st RUS-ch Higher League 2018"]
[Site "Yaroslavl"]
[Date "2018.06.26"]
[Round "1"]
[White "Oganian, Miran"]
[Black "Kokarev, Dmitry"]
[Result "1/2-1/2"]
[ECO "A42"]
[WhiteElo "2432"]
[BlackElo "2603"]
[Annotator "RC"]
[PlyCount "102"]
[EventDate "2018.06.26"]
[EventType "swiss"]
[EventCountry "RUS"]
[SourceTitle "playchess.com"]
[Source "ChessBase"]
[SourceQuality "1"]
[TimeControl "40/5400+30:1800+30"]

1. d4 g6 2. c4 Bg7 3. Nc3 d6 4. e4 e5 5. Nge2 exd4 6. Nxd4 Ne7 7. Be2 Nbc6 8. Be3 O-O 9. Qd2 f5 10. Nxc6 bxc6 11. Bd4 Bxd4 12. Qxd4 c5 13. Qd2 fxe4 14. Nxe4 Bb7 15. Ng5 Qd7 16. O-O Rf6 17. Bf3 Bxf3 18. Nxf3 Raf8 19. Rae1 Nf5 20. Re4 h6 21. Rfe1 Qg7 22. h3 R6f7 23. a3 a5 24. b4 axb4 25. axb4 cxb4 26. Qxb4 Ra8 27. Qd2 Ra1 28. Rxa1 Qxa1+ 29. Re1 Qf6 30. Re4 Kg7 31. Kh2 Re7 32. Qd5 Rxe4 33. Qxe4 g5 34. g3 Ne7 35. Kg2 c6 36. h4 gxh4 37. Nxh4 d5 38. cxd5 cxd5 39. Qxe7+ Qxe7 40. Nf5+ Kf6 41. Nxe7 Kxe7 42. Kf3 Kd6 43. Ke3 Ke5 44. Kd3 h5 45. f3 Kd6 46. Kd4 Ke6 47. f4 Kf5 48. Kxd5 h4 49. gxh4 Kxf4 50. h5 Kg5 51. h6 Kxh6 1/2-1/2

[Event "71st RUS-ch Higher League 2018"]
[Site "Yaroslavl"]
[Date "2018.06.26"]
[Round "1"]
[White "Tekeyev, Zaur"]
[Black "Esipenko, Andrey"]
[Result "1/2-1/2"]
[ECO "B15"]
[WhiteElo "2407"]
[BlackElo "2599"]
[Annotator "RC"]
[PlyCount "122"]
[EventDate "2018.06.26"]
[EventType "swiss"]
[EventCountry "RUS"]
[SourceTitle "playchess.com"]
[Source "ChessBase"]
[SourceQuality "1"]
[TimeControl "40/5400+30:1800+30"]

1. e4 c6 2. d4 d5 3. Nc3 dxe4 4. Nxe4 Nf6 5. Nxf6+ exf6 6. c3 Bd6 7. Bd3 O-O 8. Qc2 Re8+ 9. Ne2 h5 10. O-O h4 11. h3 Nd7 12. Bd2 Nf8 13. Rae1 Bc7 14. b3 Ne6 15. f4 Qd6 16. Bh7+ Kf8 17. Be4 Bd7 18. Qd3 g6 19. f5 Qh2+ 20. Kf2 Ng5 21. Bxg5 fxg5 22. fxg6 Kg7 23. gxf7 Re7 24. Bh7 Qd6 25. Bg8 Re6 26. Qh7+ Kf8 27. Qh8 Rd8 28. Bh7+ Kxf7 29. Kg1+ Rf6 30. Rxf6+ Qxf6 31. Qxf6+ Kxf6 32. Rf1+ Kg7 33. Be4 Re8 34. Bf3 Re3 35. Kf2 Rd3 36. Ke1 Ba5 37. b4 Bc7 38. Be4 Re3 39. Bf5 Be8 40. Kd2 Re7 41. Rf3 Bf7 42. Bb1 Bc4 43. Bd3 Be6 44. Re3 Kf6 45. Rf3+ Kg7 46. Re3 Bd6 47. Rf3 Rf7 48. Rxf7+ Kxf7 49. Nc1 Bd5 50. Bf1 Kf6 51. Nb3 g4 52. Ke3 Kg5 53. c4 Bf7 54. Nc5 Bf4+ 55. Kd3 b6 56. Ne4+ Kf5 57. hxg4+ Kxg4 58. Be2+ Kf5 59. Bf3 b5 60. cxb5 cxb5 61. a3 Be6 1/2-1/2

[Event "71st RUS-ch Higher League 2018"]
[Site "Yaroslavl"]
[Date "2018.06.27"]
[Round "2"]
[White "Najer, Evgeniy"]
[Black "Popov, Ivan"]
[Result "1/2-1/2"]
[ECO "C42"]
[WhiteElo "2668"]
[BlackElo "2608"]
[Annotator "ChessBase"]
[PlyCount "111"]
[EventDate "2018.06.26"]
[EventType "swiss"]
[EventCountry "RUS"]
[SourceTitle "playchess.com"]
[Source "ChessBase"]
[SourceQuality "1"]
[TimeControl "40/5400+30:1800+30"]

1. e4 e5 2. Nf3 Nf6 3. Nxe5 d6 4. Nf3 Nxe4 5. d4 d5 6. Bd3 Bd6 7. O-O O-O 8. c4 c6 9. Re1 Bf5 10. Qb3 Qd7 11. Nc3 Nxc3 12. Bxf5 Qxf5 13. Qxb7 Qd7 14. Qxd7 Nxd7 15. c5 Bxh2+ 16. Nxh2 Ne4 17. Bf4 Rfe8 18. Ng4 g5 19. Bh2 Kg7 20. f3 Nef6 21. Be5 h5 22. Nxf6 Nxf6 23. f4 gxf4 24. Rf1 Kg6 25. Bxf6 Kxf6 26. Rxf4+ Kg7 27. Raf1 Re7 28. R1f3 Rb8 29. b3 a5 30. Rg3+ Kf8 31. Rg5 Rb4 32. Rxh5 a4 33. Rh8+ Kg7 34. Rc8 axb3 35. axb3 Re6 36. Rc7 Rxb3 37. Rcxf7+ Kg6 38. Rf8 Kg7 39. R8f7+ Kg6 40. Rf8 Kg7 41. R4f7+ Kg6 42. Rd7 Re4 43. Rd6+ Kg5 44. Rxc6 Rb1+ 45. Rf1 Rxf1+ 46. Kxf1 Rxd4 47. Ke2 Rc4 48. Rc8 Rc3 49. c6 Kg6 50. Kd2 d4 51. g4 Kf7 52. Ke2 Kg7 53. Kd1 Rd3+ 54. Kc2 Rc3+ 55. Kd2 Kf7 56. g5 1/2-1/2

[Event "71st RUS-ch Higher League 2018"]
[Site "Yaroslavl"]
[Date "2018.06.27"]
[Round "2"]
[White "Romanov, Evgeny"]
[Black "Lobanov, Sergei"]
[Result "1/2-1/2"]
[ECO "E09"]
[WhiteElo "2628"]
[BlackElo "2521"]
[Annotator "ChessBase"]
[PlyCount "72"]
[EventDate "2018.06.26"]
[EventType "swiss"]
[EventCountry "RUS"]
[SourceTitle "playchess.com"]
[Source "ChessBase"]
[SourceQuality "1"]
[TimeControl "40/5400+30:1800+30"]

1. d4 d5 2. c4 c6 3. Nf3 Nf6 4. Qc2 e6 5. Nbd2 Nbd7 6. g3 Be7 7. Bg2 O-O 8. O-O b6 9. e4 Bb7 10. e5 Ne8 11. Re1 Nc7 12. b3 c5 13. Bb2 a5 14. Rad1 a4 15. Qb1 Ra7 16. h4 h6 17. Re3 Qa8 18. g4 b5 19. g5 h5 20. cxb5 axb3 21. axb3 Nxb5 22. g6 Qe8 23. Bf1 Na3 24. Bxa3 Rxa3 25. Bb5 fxg6 26. Bxd7 Qxd7 27. Qxg6 Rf5 28. Nf1 cxd4 29. Nxd4 Rf4 30. Qxe6+ Qxe6 31. Nxe6 Rxh4 32. Rg3 g6 33. Nd4 Bc5 34. Ne6 Be7 35. Nd4 Bc5 36. Ne6 Be7 1/2-1/2

[Event "71st RUS-ch Higher League 2018"]
[Site "Yaroslavl"]
[Date "2018.06.27"]
[Round "2"]
[White "Antipov, Mikhail Al"]
[Black "Sviridov, Valery"]
[Result "0-1"]
[ECO "D70"]
[WhiteElo "2616"]
[BlackElo "2513"]
[Annotator "ChessBase"]
[PlyCount "86"]
[EventDate "2018.06.26"]
[EventType "swiss"]
[EventCountry "RUS"]
[SourceTitle "playchess.com"]
[Source "ChessBase"]
[SourceQuality "1"]
[TimeControl "40/5400+30:1800+30"]

1. d4 Nf6 2. c4 g6 3. Nf3 Bg7 4. Nc3 d5 5. cxd5 Nxd5 6. Na4 O-O 7. e4 Nb6 8. Be3 Nc6 9. h3 f5 10. Nxb6 axb6 11. Bc4+ Kh8 12. h4 f4 13. Bd2 Nxd4 14. h5 Nxf3+ 15. Qxf3 g5 16. O-O-O Bg4 17. h6 Bf6 18. Qb3 Bxd1 19. Rxd1 Bd4 20. g3 e5 21. gxf4 gxf4 22. Rg1 Bxf2 23. Rg7 Qd6 24. Bc3 Bd4 25. Bxd4 exd4 26. Qh3 Qc6 27. Kd2 Qxc4 28. Qd7 Qb4+ 29. Kd3 Ra3+ 30. bxa3 Qc3+ 31. Ke2 f3+ 32. Kd1 Qd3+ 33. Kc1 Qe3+ 34. Kd1 Qxe4 35. Rg4 Qb1+ 36. Kd2 Qxa2+ 37. Kd1 Qb3+ 38. Kd2 Qc3+ 39. Kd1 Qd3+ 40. Kc1 Qxa3+ 41. Kb1 Qb3+ 42. Kc1 Qe3+ 43. Kb1 Qxh6 0-1

[Event "71st RUS-ch Higher League 2018"]
[Site "Yaroslavl"]
[Date "2018.06.27"]
[Round "2"]
[White "Kobalia, Mikhail"]
[Black "Sjugirov, Sanan"]
[Result "1/2-1/2"]
[ECO "B90"]
[WhiteElo "2608"]
[BlackElo "2663"]
[Annotator "ChessBase"]
[PlyCount "80"]
[EventDate "2018.06.26"]
[EventType "swiss"]
[EventCountry "RUS"]
[SourceTitle "playchess.com"]
[Source "ChessBase"]
[SourceQuality "1"]
[TimeControl "40/5400+30:1800+30"]

1. e4 c5 2. Nf3 d6 3. d4 cxd4 4. Nxd4 Nf6 5. Nc3 a6 6. Be3 Ng4 7. Bc1 Nf6 8. f3 e5 9. Nb3 Be6 10. Be3 Be7 11. Qd2 O-O 12. O-O-O Nbd7 13. g4 b5 14. g5 b4 15. gxf6 bxc3 16. Qxc3 Nxf6 17. Na5 Rc8 18. Nc6 Qc7 19. Nxe7+ Qxe7 20. Qa5 Rc6 21. Kb1 Rfc8 22. Rd2 Nh5 23. Be2 Nf4 24. Bd1 Qf6 25. Rg1 h6 26. c3 Bc4 27. Ka1 Kh8 28. b3 Be6 29. c4 Ra8 30. Bc2 Bh3 31. Rf2 Be6 32. Rd1 Nh3 33. Rff1 Nf4 34. Rf2 Nh3 35. Rff1 Nf4 36. Rf2 Nh3 37. Rff1 Nf4 38. Rf2 Nh3 39. Rff1 Nf4 40. Rf2 Nh3 1/2-1/2